 Dungeon Crawl Stone Soup version 0.30-a0-1123-gabc949cf19 (webtiles) character file.

Game seed: 12040663952872503708

217 LustLizard the Stinger (level 5, -5/29 HPs)
             Began as a Deep Elf Venom Mage on Apr 22, 2023.
             Was an Initiate of Vehumet.
             Slain by a hell rat (14 damage)
             ... in a sewer.
             The game lasted 00:09:03 (3472 turns).

LustLizard the Stinger (Deep Elf Venom Mage)        Turns: 3472, Time: 00:09:04

Health: -5/29      AC:  3    Str:  7    XL:     5   Next: 61%
Magic:  6/13       EV: 12    Int: 20    God:    Vehumet [......]
Gold:   168        SH:  0    Dex: 15    Spells: 6/12 levels left

rFire   . . .        i - +0 dagger
rCold   . . .        (no shield)
rNeg    . . .        a - +0 robe
rPois   .            r - +0 helmet
rElec   .            g - scarf {shadows}
rCorr   .            (no gloves)
SInv    .            (no boots)
Will    .....        (no amulet)
Stlth   ++           (no ring)
HPRegen 0.24/turn    (no ring)
MPRegen 0.13/turn

%: no passive effects
@: no status effects
A: no striking features
a: Renounce Religion


You were in a sewer.
You worshipped Vehumet.
Vehumet was noncommittal.
You visited 1 branch of the dungeon, and saw 3 of its levels.
You also visited: Sewer.

You collected 168 gold pieces.

Inventory:

Hand Weapons
 i - a +0 dagger (weapon)
 s - the +3 dagger of Iqoth {pain, rElec rC+ Will-}
   (You found it on level 2 of the Dungeon)

   rC:        It protects you from cold.
   rElec:     It insulates you from electricity.
   Will:      It decreases your willpower.
Missiles
 m - 2 throwing nets
Armour
 a - a +0 robe (worn)
 g - a scarf of shadows (worn)
 r - a +0 helmet (worn)
Jewellery
 o - an amulet of faith
Scrolls
 e - a scroll of amnesia {unknown}
 h - a scroll of enchant armour {unknown}
 j - a scroll of vulnerability {unknown}
 l - a scroll of fog {unknown}
 n - a scroll of enchant weapon {unknown}
 q - a scroll of immolation {unknown}
 t - a scroll of noise {unknown}
Potions
 b - a potion of magic
 c - 3 potions of mutation {unknown}
 d - 3 potions of heal wounds {unknown}
 f - a potion of lignification {unknown}
 k - a potion of cancellation {unknown}
 p - 2 potions of degeneration {unknown}
 u - a potion of attraction {unknown}


   Skills:
 + Level 1.4 Fighting
 - Level 2.4 Dodging
 + Level 3.6 Stealth
 + Level 4.0 Spellcasting
 * Level 1.5 Conjurations
 - Level 1.1 Transmutations
 * Level 2.2 Air Magic
 * Level 4.5 Poison Magic


You had 6 spell levels left.
You knew the following spells:

 Your Spells              Type           Power      Damage    Failure   Level
a - Sting                 Tmut/Pois      60%        1d6       4%          1
b - Poisonous Vapours     Pois/Air       34%        N/A       4%          2
c - Mephitic Cloud        Conj/Pois/Air  15%        N/A       12%         3

Your spell library contained the following spells:

 Spells                   Type           Power      Damage    Failure   Level
 Necrotise                Necr           16%        1d4       13%         1
 Olgreb's Toxic Radiance  Pois           22%        N/A       21%         4
 Dazzling Flash           Conj/Hex       14%        N/A       28%         3
 Vampiric Draining        Necr           4%         2d6       36%         3
 Volatile Blastmotes      Fire/Tloc      8%         2d10      36%         3
 Iskenderun's Mystic Bla  Conj/Tloc      7%         2d4       67%         4
 Agony                    Necr           4%         N/A       98%         5
 Starburst                Conj/Fire      3%         6d3       100%        6


Dungeon Overview and Level Annotations

Branches:
Dungeon (3/15)              Sewer (1/1)

Altars:
Ru
Vehumet
Yredelemnul


Message History

Aim: a rat (asleep) Poisonous vapours surround the rat!
The rat is poisoned.
You kill the rat!
Vehumet accepts your kill.
You enter the shallow water.
Moving in this stuff is going to be slow.
You open the door.
A hell rat comes into view.
Found four items.
Found a gate leading back out of this place.
Press: ? - help, . - travel You can't see that place.
Casting: Poisonous Vapours (safe; 4% risk of failure)
Confirm with . or Enter, or press ? or * to list all spells.
Aiming: Poisonous Vapours (safe; 4% risk of failure)
Press: ? - help, Dir - move target, f - hell rat
Aim: a hell rat Poisonous vapours surround the hell rat!
The hell rat is poisoned.
Unknown command.
Casting: Poisonous Vapours (safe; 4% risk of failure)
Confirm with . or Enter, or press ? or * to list all spells.
Aiming: Poisonous Vapours (safe; 4% risk of failure)
Press: ? - help, Dir - move target, f/p - hell rat
Aim: a hell rat (lightly wounded, poisoned) Poisonous vapours surround the hell rat!
The hell rat looks even sicker.
Unknown command.
The sting misses the hell rat.
The hell rat completely misses you.
Unknown command.
The sting misses the hell rat.
The hell rat bites you!
Unknown command.
The sting hits the hell rat but does no damage.
The hell rat looks even sicker.
The hell rat is moderately wounded.
The hell rat bites you!
Unknown command.
The hell rat attacks as you move away! The hell rat closely misses you.
The hell rat bites you!
You die...

~~~.#####.~~.~#
~.###?∩
###~~~##
~##.!?? ##~†.#
~~~~~ #~..#
~~~~ ##~..# ~#
#.~ ###~.~##
..~##'##.~.~~#
~~~~.†.~~..###
##..~..r@###
#########


You could see a hell rat (very poisoned).

Vanquished Creatures
  Natasha (thrice) (D:2)
  4 gnolls (D:2)
  2 adders
  2 worms
  4 dart slugs
  4 orcs (D:2)
  A bat skeleton (D:2)
  A bat zombie (D:2)
  5 endoplasms
  7 giant cockroaches
  A goblin (D:1)
  5 hobgoblins
  4 jackals (D:2)
  4 kobolds
  3 quokkas (D:1)
  3 ball pythons
  2 ball python zombies (D:2)
  5 bats
  A frilled lizard (D:2)
  A giant cockroach zombie (D:2)
  A jackal zombie (D:2)
  9 rats
72 creatures vanquished.

Vanquished Creatures (others)
  19 withered plants (D:2)
19 creatures vanquished.

Grand Total: 91 creatures vanquished

Notes
Turn   | Place    | Note
-------+----------+-------------------------------------------
     0 | D:1      | LustLizard the Deep Elf Venom Mage began the quest for the
                  | Orb.
     0 | D:1      | Reached XP level 1. HP: 10/10 MP: 6/6
   363 | D:1      | Reached XP level 2. HP: 10/16 MP: 2/8
   484 | D:1      | Learned a level 2 spell: Poisonous Vapours
  1184 | D:1      | Reached XP level 3. HP: 20/20 MP: 3/9
  1682 | D:2      | Reached skill level 1 in Fighting
  1682 | D:2      | Reached skill level 1 in Air Magic
  1892 | D:2      | Reached XP level 4. HP: 22/25 MP: 3/11
  2149 | D:2      | Learned a level 3 spell: Mephitic Cloud
  2312 | D:2      | Noticed Natasha
  2325 | D:2      | Killed Natasha
  2379 | D:2      | Reached skill level 1 in Conjurations
  2416 | D:2      | Identified the +3 dagger of Iqoth {pain, rElec rC+ Will-}
  2437 | D:2      | Noticed Natasha
  2444 | D:2      | Killed Natasha
  2445 | D:2      | Reached XP level 5. HP: 29/29 MP: 2/12
  2653 | D:2      | Noticed Natasha
  2673 | D:2      | Killed Natasha
  3151 | D:3      | Found a basalt altar of Yredelemnul.
  3151 | D:3      | Found a radiant altar of Vehumet.
  3162 | D:3      | Became a worshipper of Vehumet
  3242 | D:3      | Found a glowing drain.
  3328 | D:3      | Found a sacrificial altar of Ru.
  3415 | Sewer    | Entered a sewer
  3472 | Sewer    | Slain by a hell rat

Illustrated notes

Levels and vault maps discovered:
D:1:      mrwooster_arrival_statue, layout_loops_corners,
          nicolae_concentric_dashed_squares_wild
D:2:      layout_rooms, serial_rivers, chequers_serial_rivers_small_3,
          chequers_serial_rivers_small_b, chequers_serial_rivers_large_a,
          chequers_serial_rivers_room_a, chequers_serial_rivers_micro_c,
          grunt_ministairs_4, dilly_guarded_unrand_morg
D:3:      layout_basic, grunt_temple_overflow_open,
          nicolae_ru_sacrificial_ziggurat, trog_wizard,
          dilly_ecumenical_altar_fadedgnrine, serial_shops, shop_coins,
          portal_sewer_entry_b, chequers_serial_rivers_micro_d
Sewer:    sewer_hellmonk_bad_rat

Skill      XL: |  1  2  3  4  5 |
---------------+----------------+-----
Stealth        | 3 |  3.6
Fighting       | 1 |  1.4
Air Magic      | 1 2 |  2.2
Poison Magic   | 4 |  4.5
Conjurations   | 1 |  1.5
Spellcasting   | 4 |  4.0
Dodging        | |  2.4
Transmutations | |  1.1

Action                     |  1- 3 |  4- 6 || total
---------------------------+-------+-------++-------
  Melee: Hand axe          |     1 |       ||     1
         Dagger            |       |    30 ||    30
   Cast: Sting             |    77 |    52 ||   129
         Poisonous Vapours |    10 |    39 ||    49
    Use: Scroll            |       |     1 ||     1
   Stab: Distracted        |       |     1 ||     1
 Armour: Robe              |     7 |    12 ||    19
  Dodge: Dodged            |    18 |    36 ||    54

Table legend: (Time is in decaauts)
 A = Elapsed time spent in this place.
 B = Non-inter-level travel time spent in this place.
 C = Inter-level travel time spent in this place.
 D = Time resting spent in this place.
 E = Time spent auto-exploring this place.
 F = Levels seen in this place.
 G = Mean time per level.
                   A        B        C        D        E       F      G
               +--------+--------+--------+--------+--------+-----+--------+
         Total |   3505 |   3396 |    109 |    294 |   2446 |   4 |  876.2 |
       Dungeon |   3443 |   3334 |    109 |    294 |   2402 |   3 | 1147.7 |
         Sewer |     61 |     61 |      0 |      0 |     44 |   1 |   61.0 |
               +--------+--------+--------+--------+--------+-----+--------+

Top non-repeatable levels by time:
     D:2: 1693 daAuts
     D:1: 1394 daAuts
     D:3: 355 daAuts
   Sewer: 61 daAuts
